[Event "Titled Tuesday Blitz June 07 Early 2022"]
[White "Kobo, Ori"]
[Black "Shailesh, Dravid"]
[WhiteFideId "2812320"]
[BlackFideId "25017969"]
[WhiteElo "2420"]
[BlackElo "2142"]
[Result "0-1"]
[Round "04"]
[TimeControl "180+1"]
[Date "2022.06.07"]
[WhiteClock "0:00:03"]
[BlackClock "0:00:31"]

1. Nf3 Nf6 2. e3 b6 3. d4 Bb7 4. Bd3 g6 5. O-O Bg7 6. c4 O-O 7. Nc3 d6 8. e4 Nbd7 9. Re1 e5 10. d5 Nc5 11. Bc2 a5 12. b3 Nh5 13. Rb1 Bf6 14. Bh6 Ng7 15. a3 Be7 16. b4 Nd7 17. Qd2 Nf6 18. h3 Bc8 19. Ba4 axb4 20. axb4 Kh8 21. Bc6 Rb8 22. Ra1 Ng8 23. Bxg7+ Kxg7 24. Ra7 f5 25. Nb5 fxe4 26. Rxe4 Bf5 27. Re3 Rc8 28. Rea3 Nf6 29. Ng5 Ne4 30. Nxe4 Bxe4 31. Qe2 Bh4 32. Qxe4 Bxf2+ 33. Kh2 Rf4 34. Qe2 e4 35. Nc3 e3 36. Nd1 Qg5 37. Rxe3 Bxe3 38. Qxe3 Qf6 39. Qc3 Rd4 40. Ra1 Kh6 41. Qe3+ g5 42. Rc1 Rf8 43. Qg3 Qf1 44. Qb3 Rd2 45. Ne3 Qxc1 46. Ng4+ Kg7 47. Qe3 Rd1 48. Qe7+ Rf7 49. Qe4 Rh1+ 50. Kg3 Qe1+ 51. Qxe1 Rxe1 52. c5 bxc5 53. bxc5 dxc5 0-1


[Site "https://www.chess.com"]

[Event "Titled Tuesday Blitz June 07 Early 2022"]
[White "Kosteniuk, Alexandra"]
[Black "Drygalov, Andrey"]
[WhiteFideId "4128125"]
[BlackFideId "24171735"]
[WhiteElo "2469"]
[BlackElo "2540"]
[Result "1/2-1/2"]
[Round "04"]
[TimeControl "180+1"]
[Date "2022.06.07"]
[WhiteClock "0:00:04"]
[BlackClock "0:00:05"]

1. Nf3 Nf6 2. g3 g6 3. Bg2 Bg7 4. O-O O-O 5. c4 c6 6. d4 d5 7. Qb3 dxc4 8. Qxc4 Bf5 9. Ne5 Nbd7 10. Bf4 Nb6 11. Qb3 Qxd4 12. Nc3 Nh5 13. Rfd1 Qc5 14. Nd3 Qc4 15. Qa3 Nxf4 16. Nxf4 e5 17. Nd3 e4 18. Nc5 e3 19. fxe3 Rfe8 20. Nxb7 Qe6 21. e4 Bg4 22. Nc5 Qe7 23. Qb4 Rab8 24. Na6 Qxb4 25. Nxb4 Rbc8 26. Bf3 Be6 27. e5 Nc4 28. Nxc6 Nxe5 29. Nxe5 Bxe5 30. Rac1 Red8 31. Nb5 Rxc1 32. Rxc1 Bxb2 33. Rc7 a6 34. Na7 Be5 35. Rb7 Rd1+ 36. Kg2 Bd4 37. h4 Bxa2 38. Nc6 Bf6 39. Ra7 Bc4 40. Nb4 Rd2 41. Kf1 Bd4 42. Ra8+ Kg7 43. Nxa6 Rd1+ 44. Kg2 Re1 45. Nc7 Bxe2 46. Bxe2 Rxe2+ 47. Kf3 Re3+ 48. Kf4 Re1 49. Ne8+ Kh6 50. g4 Be5+ 51. Kf3 f6 52. Ra7 Rh1 53. h5 gxh5 54. gxh5 Rxh5 55. Ng7 Rg5 56. Ne6 Rg3+ 57. Ke4 Kg6 58. Nf8+ Kg5 59. Nxh7+ Kh4 60. Nxf6 Bxf6 61. Kf5 Rf3+ 62. Kg6 Be5 63. Ra4+ Kg3 64. Ra5 Bf4 65. Ra4 Be3 66. Ra5 Kf2 67. Rf5 Bf4 68. Kf6 Ke3 69. Ke6 Rh3 70. Rd5 Rh8 71. Kf5 Rh5+ 72. Ke6 Rh6+ 73. Kf5 Rh8 74. Rd7 Rf8+ 75. Ke6 Ke4 76. Rf7 Ra8 77. Re7 Ra6+ 78. Kf7+ Kf5 79. Rd7 Be5 80. Ke7 Rh6 81. Kf7 Bd6 82. Ke8 Ke5 83. Kf7 Rh1 84. Ke8 Ke6 85. Re7+ Kf6 86. Rf7+ Ke6 87. Re7+ Kd5 88. Rd7 Rf1 89. Rf7 Ra1 90. Kd7 Ke5 91. Ke8 Ke6 92. Re7+ Kd5 93. Rf7 Rc1 94. Rd7 Rc8+ 95. Kf7 Kc6 96. Ra7 Bc5 97. Ra6+ Kd5 98. Rg6 Rf8+ 99. Kg7 Rf1 100. Rg5+ Ke6 101. Rg6+ Ke7 102. Rg4 Bd6 103. Kg6 Be5 104. Re4 Ke6 105. Rg4 Rf8 106. Kg5 Rh8 107. Kg6 Rf8 108. Kg5 Rf6 109. Kh5 Rf1 110. Rg6+ Bf6 1/2-1/2


[Site "https://www.chess.com"]

[Event "Titled Tuesday Blitz June 07 Early 2022"]
[White "Le, Tuan Minh"]
[Black "Drygalov, Sergey"]
[WhiteFideId "12401153"]
[BlackFideId "24171743"]
[WhiteElo "2530"]
[BlackElo "2514"]
[Result "1-0"]
[Round "04"]
[TimeControl "180+1"]
[Date "2022.06.07"]
[WhiteClock "0:00:10"]
[BlackClock "0:00:15"]

1. d4 Nf6 2. Nf3 e6 3. Bf4 d5 4. e3 c5 5. c3 Bd6 6. Bb5+ Nc6 7. Bg3 O-O 8. Nbd2 Ne7 9. Bd3 Qc7 10. Bxd6 Qxd6 11. Ne5 b5 12. O-O b4 13. Rc1 Rb8 14. c4 cxd4 15. exd4 dxc4 16. Ndxc4 Qd8 17. Qd2 Bb7 18. Rfd1 Ned5 19. h3 Nh5 20. Be4 Nhf4 21. Kh2 Ba8 22. g3 Ng6 23. Bg2 Nge7 24. Qe2 Nf5 25. Be4 a5 26. Qf3 Nd6 27. Nxd6 Qxd6 28. Rc5 a4 29. Rdc1 a3 30. bxa3 bxa3 31. Qxa3 Nf6 32. Bxa8 Rxa8 33. Qxa8 Rxa8 34. Rc8+ Qf8 35. Rxf8+ Kxf8 36. Rc7 Rxa2 37. Kg2 Rd2 38. Rxf7+ Kg8 39. Rb7 h6 40. Nf3 Ra2 41. Ne5 Ne4 42. Rf7 Rd2 43. Rf4 Nf6 44. Nc4 Ra2 45. Ne3 Rd2 46. h4 h5 47. Nc4 Nd5 48. Nxd2 1-0


[Site "https://www.chess.com"]

[Event "Titled Tuesday Blitz June 07 Early 2022"]
[White "Martinez Alcantara, Jose Eduardo"]
[Black "Nesterov, Arseniy"]
[WhiteFideId "3805662"]
[BlackFideId "24198455"]
[WhiteElo "2703"]
[BlackElo "2489"]
[Result "1/2-1/2"]
[Round "04"]
[TimeControl "180+1"]
[Date "2022.06.07"]
[WhiteClock "0:00:05"]
[BlackClock "0:00:07"]

1. e4 e5 2. Nf3 Nc6 3. Bb5 a6 4. Ba4 b5 5. Bb3 Na5 6. Nxe5 Nxb3 7. axb3 Qg5 8. Nf3 Qxg2 9. Rg1 Qh3 10. c4 Bb7 11. Nc3 b4 12. Nd5 O-O-O 13. d3 Qe6 14. Bf4 Bd6 15. Nd4 Qh3 16. Bxd6 cxd6 17. Nxb4 Qxh2 18. Qg4 Qe5 19. Nbc2 Nf6 20. Qf5 g6 21. Qxe5 dxe5 22. Nf3 d6 23. Nb4 Nh5 24. Kd2 f5 25. Ng5 Rdf8 26. c5 fxe4 27. c6 Rxf2+ 28. Kc3 Bxc6 29. Nxc6 Kd7 30. Nxe4 Rh2 31. Na5 Nf4 32. b4 Rc8+ 33. Kb3 Nxd3 34. Nc4 Rb8 35. Kc3 Nxb4 36. Nexd6 Nd5+ 37. Kd3 Rb3+ 38. Ke4 Ke6 39. Nxe5 Rh4+ 40. Ng4 Nf6+ 41. Kd4 Rxg4+ 42. Rxg4 Nxg4 43. Rxa6 Ke7 44. Nc4 Nf6 45. Ra7+ Ke6 46. Ra6+ Kf5 47. Nd6+ Kg5 48. Nf7+ Kf5 49. Nh6+ Kg5 50. Nf7+ Kf5 51. Nh6+ Kf4 52. Rxf6+ Kg5 53. Ng8 Rb8 54. Rf7 Rxg8 55. Rxh7 Rb8 56. Rh2 Kf4 57. Rf2+ Kg3 58. Rf1 g5 59. Rg1+ Kf4 60. Rb1 g4 61. b4 g3 62. Kc5 g2 63. b5 Ke3 64. b6 Kf2 65. Kc6 g1=Q 66. Rxg1 Kxg1 67. Kc7 Rxb6 68. Kxb6 1/2-1/2


[Site "https://www.chess.com"]

[Event "Titled Tuesday Blitz June 07 Early 2022"]
[White "Matlakov, Maxim"]
[Black "Xu, Yi"]
[WhiteFideId "4168003"]
[BlackFideId "8605564"]
[WhiteElo "2669"]
[BlackElo "2471"]
[Result "1-0"]
[Round "04"]
[TimeControl "180+1"]
[Date "2022.06.07"]
[WhiteClock "0:01:00"]
[BlackClock "0:00:10"]

1. d4 Nf6 2. Nf3 d5 3. c4 e6 4. g3 Bb4+ 5. Nbd2 O-O 6. Bg2 dxc4 7. Qc2 a5 8. a3 Bxd2+ 9. Bxd2 b5 10. a4 c6 11. h4 h6 12. g4 Nxg4 13. axb5 f5 14. Ne5 Nxe5 15. dxe5 Bb7 16. Ra3 Rf7 17. Rg1 cxb5 18. Bxb7 Rxb7 19. Rag3 Qxh4 20. Rg6 Nc6 21. Bxh6 Raa7 22. Be3 Ra8 23. Rxe6 Nd4 24. Bxd4 Qxd4 25. Qxf5 Rf8 26. Rf6 Rbf7 27. Rxg7+ Kxg7 28. Qg6+ Kh8 29. Qh6+ 1-0


[Site "https://www.chess.com"]

[Event "Titled Tuesday Blitz June 07 Early 2022"]
[White "Melikyan, Gnel"]
[Black "Livaic, Leon"]
[WhiteFideId "54109990"]
[BlackFideId "14531534"]
[WhiteElo "1772"]
[BlackElo "2540"]
[Result "1-0"]
[Round "04"]
[TimeControl "180+1"]
[Date "2022.06.07"]
[WhiteClock "0:00:10"]
[BlackClock "0:00:02"]

1. e4 c6 2. d4 d5 3. Nc3 dxe4 4. Nxe4 Nf6 5. Nxf6+ exf6 6. Bc4 Qe7+ 7. Qe2 Be6 8. Bb3 a5 9. Bf4 a4 10. Bxe6 Qxe6 11. O-O-O Qxe2 12. Nxe2 Nd7 13. d5 Bc5 14. dxc6 bxc6 15. Nd4 O-O 16. Nxc6 Nb6 17. Bd6 Bxd6 18. Rxd6 Nc4 19. Rd4 Ne5 20. Nxe5 fxe5 21. Rd5 Rfe8 22. Re1 e4 23. Rd4 f5 24. Rd5 Rf8 25. f3 exf3 26. gxf3 Rf6 27. Re7 a3 28. b4 Rc8 29. b5 Rg6 30. Rde5 Kf8 31. R7e6 Rg1+ 32. Kd2 Rg2+ 33. Re2 Rg1 34. Rc6 Rd8+ 35. Kc3 Rb1 36. Re5 g6 37. Ra6 Rc8+ 38. Kd2 Rb2 39. Rxa3 Rcxc2+ 40. Ke3 Re2+ 41. Kd4 Rbd2+ 42. Kc3 Rc2+ 43. Kd3 Rcd2+ 44. Kc3 Rxe5 45. Kxd2 Rxb5 46. Ra7 Rb2+ 47. Ke3 Rxh2 48. Kf4 h5 49. Kg5 Rg2+ 50. Kf6 Ke8 51. Re7+ Kd8 52. Rh7 Rg3 53. f4 Rg4 54. Ke5 Rg2 55. a4 Kc8 56. a5 Kb8 57. a6 Ra2 58. Rb7+ Ka8 59. Rb6 1-0


[Site "https://www.chess.com"]

[Event "Titled Tuesday Blitz June 07 Early 2022"]
[White "Mikhailovsky, Vladimir"]
[Black "Svane, Rasmus"]
[WhiteFideId "34105414"]
[BlackFideId "4657101"]
[WhiteElo "2270"]
[BlackElo "2674"]
[Result "0-1"]
[Round "04"]
[TimeControl "180+1"]
[Date "2022.06.07"]
[WhiteClock "0:00:01"]
[BlackClock "0:00:07"]

1. e4 c6 2. c4 d5 3. cxd5 cxd5 4. exd5 Nf6 5. Qa4+ Nbd7 6. Nc3 g6 7. Nf3 Bg7 8. Bc4 a6 9. d3 Rb8 10. Bb3 b5 11. Qh4 Bb7 12. Bh6 O-O 13. O-O Nc5 14. Ng5 Qd7 15. h3 Nxd3 16. Nce4 Nxe4 17. Bxg7 Nxg5 18. Bxf8 Nxh3+ 19. Qxh3 Qxh3 20. gxh3 Kxf8 21. Rfd1 Nxb2 22. Rd2 Nc4 23. Bxc4 bxc4 24. Rc1 Ke8 25. Rxc4 Rd8 26. Rc5 e6 27. d6 Bd5 28. Ra5 Rxd6 29. f4 Rb6 30. Kf2 Ke7 31. Ke3 Kf6 32. h4 h6 33. Rc5 Kf5 34. Rc7 f6 35. Rh7 h5 36. Rg7 Rb4 37. Rc2 Re4+ 38. Kd3 Rxf4 39. Rcc7 Rxh4 40. Rcf7 Kg5 41. Rf8 e5 42. Rd7 Bxa2 43. Rd6 Rf4 44. Ke3 Bc4 45. Rc6 Bb5 46. Rc7 h4 47. Rg8 Ba4 48. Rcg7 Bc2 49. Rh7 Bf5 50. Ra8 Ra4 51. Rg8 a5 52. Kf2 Rf4+ 53. Ke3 a4 54. Ra8 Re4+ 55. Kf3 Rd4 56. Ke3 Rd3+ 57. Ke2 Rg3 58. Kf2 Ra3 59. Ke2 Ra2+ 60. Kf3 a3 61. Ke3 Ra1 62. Ra4 h3 63. Kf2 a2 64. Kg3 Rg1+ 65. Kh2 a1=Q 66. Rh5+ gxh5 67. Rg4+ Rxg4 68. Kxh3 0-1


[Site "https://www.chess.com"]

[Event "Titled Tuesday Blitz June 07 Early 2022"]
[White "Molina, Roberto Junio Brito"]
[Black "Lazavik, Denis"]
[WhiteFideId "2109450"]
[BlackFideId "13515110"]
[WhiteElo "2432"]
[BlackElo "2437"]
[Result "1/2-1/2"]
[Round "04"]
[TimeControl "180+1"]
[Date "2022.06.07"]
[WhiteClock "0:01:39"]
[BlackClock "0:01:28"]

1. d4 Nf6 2. c4 e6 3. Nf3 d5 4. Nc3 Be7 5. Bg5 O-O 6. e3 Nbd7 7. Rc1 h6 8. Bh4 c5 9. cxd5 Nxd5 10. Bxe7 Nxe7 11. Bc4 cxd4 12. Qxd4 Nc6 13. Qd2 Nde5 14. Nxe5 Nxe5 15. Qxd8 Rxd8 16. Be2 Bd7 17. f4 Nc6 18. Kf2 Kf8 19. Rhd1 Ke7 20. e4 f6 21. Ke3 Be8 22. g3 Bf7 23. Bb5 Be8 24. Bxc6 Bxc6 25. Rxd8 Rxd8 26. Rd1 Rg8 27. Ne2 g5 28. fxg5 hxg5 29. Nd4 Bd7 30. Rd2 Rh8 31. Nf3 e5 32. h4 gxh4 33. Nxh4 Rg8 34. Kf3 Bg4+ 35. Kf2 Be6 36. a3 Rc8 37. Kf3 Rc1 38. Nf5+ Bxf5 39. exf5 1/2-1/2


[Site "https://www.chess.com"]

[Event "Titled Tuesday Blitz June 07 Early 2022"]
[White "Nakamura, Hikaru"]
[Black "Shubin, Kirill"]
[WhiteFideId "2016192"]
[BlackFideId "34119962"]
[WhiteElo "2850"]
[BlackElo "2474"]
[Result "1-0"]
[Round "04"]
[TimeControl "180+1"]
[Date "2022.06.07"]
[WhiteClock "0:01:02"]
[BlackClock "0:00:04"]

1. Nf3 Nf6 2. b3 g6 3. d4 Bg7 4. Bb2 b6 5. e3 Bb7 6. c4 O-O 7. Be2 a5 8. O-O e6 9. Qc2 Be4 10. Qc1 Bb7 11. Nc3 Ne4 12. Rd1 Nxc3 13. Bxc3 d6 14. d5 e5 15. a3 Nd7 16. b4 f5 17. Qb2 a4 18. Rac1 f4 19. e4 g5 20. Nd2 Nf6 21. c5 Ba6 22. Bxa6 Rxa6 23. cxd6 cxd6 24. b5 Ra7 25. Bb4 g4 26. Rc6 Rd7 27. Qc3 h5 28. Rc1 h4 29. Rc8 Qe7 30. Rxf8+ Bxf8 31. Qd3 Qh7 32. Rc8 Qg6 33. Nc4 Qxe4 34. Qxe4 Nxe4 35. f3 gxf3 36. gxf3 Nf6 37. Bxd6 Rf7 38. Nxe5 Rg7+ 39. Kf1 Nh7 1-0


[Site "https://www.chess.com"]

[Event "Titled Tuesday Blitz June 07 Early 2022"]
[White "Nasir, Zehn"]
[Black "Matinian, Nikita"]
[WhiteFideId "2613239"]
[BlackFideId "24129100"]
[WhiteElo "1993"]
[BlackElo "2422"]
[Result "0-1"]
[Round "04"]
[TimeControl "180+1"]
[Date "2022.06.08"]
[WhiteClock "0:00:19"]
[BlackClock "0:00:11"]

1. d4 Nf6 2. Bf4 g6 3. Nc3 d5 4. Nf3 c6 5. e3 Nbd7 6. Qd2 Bg7 7. h4 h5 8. Ne5 Nxe5 9. Bxe5 O-O 10. O-O-O b5 11. f3 b4 12. Ne2 a5 13. Nf4 Bf5 14. Bd3 Bxd3 15. Nxd3 Ne8 16. Bxg7 Nxg7 17. g4 Qd6 18. Rhg1 Rfb8 19. gxh5 Nxh5 20. f4 a4 21. f5 b3 22. a3 bxc2 23. Qxc2 Ng7 24. fxg6 fxg6 25. Ne5 Rxb2 26. Qxb2 Rb8 27. Qc3 Rb3 28. Qc5 Qb8 29. Nd3 Nf5 30. Rxg6+ Kh7 31. Rg5 Rb1+ 32. Kd2 Rxd1+ 33. Kxd1 Qb1+ 34. Ke2 Qa2+ 35. Kf3 Nxh4+ 36. Kg4 Qg2+ 37. Kxh4 Qh2+ 38. Kg4 Qg2+ 39. Kf5 Qe4# 0-1


[Site "https://www.chess.com"]

[Event "Titled Tuesday Blitz June 07 Early 2022"]
[White "Niemann, Hans Moke"]
[Black "Agasarov, Benik"]
[WhiteFideId "2093596"]
[BlackFideId "13314823"]
[WhiteElo "2632"]
[BlackElo "2623"]
[Result "1-0"]
[Round "04"]
[TimeControl "180+1"]
[Date "2022.06.07"]
[WhiteClock "0:02:02"]
[BlackClock "0:01:29"]

1. d4 Nf6 2. Nc3 d5 3. Bf4 a6 4. e3 c5 5. dxc5 e6 6. b4 Nc6 7. a3 a5 8. Bb5 Bd7 9. Bxc6 Bxc6 10. Nf3 b6 11. b5 Bb7 12. c6 Bc8 13. O-O Bd6 14. Bxd6 Qxd6 15. e4 Qc5 16. Qd4 dxe4 17. Qxc5 bxc5 18. Nd2 Rb8 19. a4 O-O 20. Ndxe4 e5 21. Nxc5 Bf5 22. Rfe1 Rfe8 23. c7 Rbc8 24. b6 Bxc2 25. Nb5 1-0


[Site "https://www.chess.com"]

[Event "Titled Tuesday Blitz June 07 Early 2022"]
[White "Paravyan, David"]
[Black "De Silva, L M S T"]
[WhiteFideId "4194985"]
[BlackFideId "9953698"]
[WhiteElo "2569"]
[BlackElo "1631"]
[Result "1/2-1/2"]
[Round "04"]
[TimeControl "180+1"]
[Date "2022.06.07"]
[WhiteClock "0:00:03"]
[BlackClock "0:00:09"]

1. e4 e5 2. Nf3 Nc6 3. Nc3 Nf6 4. d4 exd4 5. Nxd4 Bb4 6. Nxc6 bxc6 7. Bd3 d5 8. exd5 O-O 9. O-O cxd5 10. Bg5 c6 11. Qf3 h6 12. Bxf6 Qxf6 13. Qxf6 gxf6 14. Ne2 Bd6 15. Nd4 c5 16. Nf5 Bxf5 17. Bxf5 Rfe8 18. Rad1 Re5 19. Bd7 Rd8 20. Bg4 Bc7 21. Bf3 d4 22. b3 Ba5 23. Rd3 Rde8 24. g3 Re1 25. Rd1 R1e5 26. Kg2 Kg7 27. Bc6 R8e7 28. Bb5 Bc3 29. Bd3 a5 30. f4 Re3 31. Rf3 Rxf3 32. Kxf3 Re3+ 33. Kg4 Bb4 34. Rf1 Bc3 35. Kf5 h5 36. Rf2 Re7 37. Re2 Ra7 38. a4 Rc7 39. Re8 Bb4 40. Rd8 Re7 41. Rc8 Ba3 42. Rc6 Bb4 43. Rxf6 Re1 44. Ra6 Rh1 45. h4 Rg1 46. Ra7 Rxg3 47. Bc4 Rg4 48. Bxf7 Rxh4 49. Bxh5+ Kf8 50. Be2 Bd2 51. Bg4 Ke8 52. Rc7 Rh2 53. Rxc5 Rf2 54. Re5+ Kf7 55. Re4 Be3 56. Bh5+ Kg7 57. Re7+ Kf8 58. Rc7 Bxf4 59. Rf7+ Kg8 60. Ke4 Be3 61. Rc7 Rf8 62. Be2 Kh8 63. Bd3 Rb8 64. Kd5 Rd8+ 65. Kc6 Bd2 66. Ra7 Bc3 67. Kb5 Rb8+ 68. Ka6 Rf8 69. Rc7 Kg8 70. Rc5 Kh8 71. Rh5+ Kg8 72. Rg5+ Kh8 73. Rd5 Kg8 74. Rd7 Kh8 75. Kb7 Kg8 76. Kc6 Kh8 77. Kd5 Kg8 78. Ke6 Rf2 79. Ke5 Rf8 80. Bc4+ Kh8 81. Kd5 Rf2 82. Rd8+ Kg7 83. Bd3 Rf8 84. Rd7+ Rf7 85. Rd6 Rf6 86. Rd8 Rf8 87. Rd7+ Rf7 88. Rd8 Rf8 1/2-1/2


[Site "https://www.chess.com"]

[Event "Titled Tuesday Blitz June 07 Early 2022"]
[White "Perez Gormaz, Matias"]
[Black "Sadhwani, Raunak"]
[WhiteFideId "3406342"]
[BlackFideId "35093487"]
[WhiteElo "2341"]
[BlackElo "2616"]
[Result "0-1"]
[Round "04"]
[TimeControl "180+1"]
[Date "2022.06.07"]
[WhiteClock "0:00:01"]
[BlackClock "0:00:54"]

1. e4 d6 2. c4 e5 3. Nc3 Nc6 4. Nge2 g6 5. g3 Bg7 6. Bg2 h5 7. h3 h4 8. g4 f5 9. gxf5 gxf5 10. exf5 Bxf5 11. d3 Qd7 12. Be3 Nge7 13. d4 exd4 14. Nxd4 O-O-O 15. Nxc6 Nxc6 16. Qd2 Nb4 17. Ne4 Qa4 18. O-O Rhg8 19. Nc3 Bxc3 20. bxc3 Bxh3 21. Bg5 Bxg2 22. Kxg2 Nc2 23. Rac1 Qxc4 24. Kh2 Rde8 25. Qf4 Qd5 26. Rg1 Re4 27. Qf3 Qe5+ 28. Kh1 Ne1 29. Rcxe1 Rxe1 30. Qg4+ Kb8 0-1


[Site "https://www.chess.com"]

[Event "Titled Tuesday Blitz June 07 Early 2022"]
[White "Petrova, Irina"]
[Black "Wagner, Dinara"]
[WhiteFideId "14124122"]
[BlackFideId "24157570"]
[WhiteElo "1993"]
[BlackElo "2216"]
[Result "0-1"]
[Round "04"]
[TimeControl "180+1"]
[Date "2022.06.08"]
[WhiteClock "0:00:04"]
[BlackClock "0:00:12"]

1. e4 c5 2. Nf3 d6 3. Bb5+ Nd7 4. O-O a6 5. Bxd7+ Bxd7 6. d4 cxd4 7. Qxd4 e5 8. Qd3 Rc8 9. a4 h6 10. c4 Nf6 11. Nc3 Be7 12. b3 Qb6 13. Nd2 O-O 14. Ba3 Be6 15. Rfd1 Bg4 16. Re1 Be6 17. Rab1 Ng4 18. Qg3 f5 19. exf5 Bxf5 20. Nde4 Qd8 21. Rbd1 Bh4 22. Qf3 Bxe4 23. Qxg4 Bxf2+ 24. Kh1 Bxe1 25. Rxe1 Bf5 26. Qe2 Qf6 27. Nd5 Qf7 28. Bxd6 Rfe8 29. Ne3 Bg6 30. Rf1 Qe6 31. Ba3 Kh7 32. Nd5 Rcd8 33. Qe3 Rd7 34. h3 Rxd5 35. cxd5 Qxd5 36. Kh2 Rc8 37. Rf8 Rc2 38. Rf2 Rc6 39. Be7 Be4 40. b4 Rg6 41. g3 Rc6 42. Bc5 Bg6 43. a5 Re6 44. Re2 Qc4 45. Rf2 Rc6 46. Qe1 Qd5 47. Qe3 Rc8 48. Re2 Re8 49. Rf2 Qc6 50. Re2 Qe6 51. Rf2 Bf5 52. h4 Bg6 53. Rd2 Qg4 54. Rf2 Bf5 55. Kg1 Rd8 56. Rf1 Rd3 57. Qxe5 Rxg3+ 58. Kf2 Rf3+ 59. Ke1 Rxf1+ 60. Kxf1 Bd3+ 61. Kf2 Qxh4+ 62. Ke3 Bg6 63. Qc7 Qh3+ 64. Kd4 Qg4+ 65. Kd5 Qe4+ 66. Kd6 Qf4+ 67. Kd7 Qxc7+ 68. Kxc7 Be4 69. Kd6 g5 70. Ke5 Bc6 71. Kf5 Kg7 72. Be7 Kf7 73. Bc5 Bd7+ 74. Ke4 Kg6 75. Kf3 Bc6+ 76. Kg3 h5 77. Bd6 h4+ 78. Kh2 Kf5 79. Be7 Kg4 80. Kg1 Bd5 81. Kh2 Kf4 82. Kg1 Kg4 83. Kh2 Kh5 84. Kg1 g4 85. Kh2 g3+ 86. Kh3 Be6+ 87. Kg2 Kg4 88. Bd6 h3+ 89. Kg1 h2+ 90. Kh1 Bd5# 0-1


[Site "https://www.chess.com"]

[Event "Titled Tuesday Blitz June 07 Early 2022"]
[White "Prokofiev, Valentyn"]
[Black "Jumabayev, Rinat"]
[WhiteFideId "14160161"]
[BlackFideId "13702661"]
[WhiteElo "2142"]
[BlackElo "2561"]
[Result "1-0"]
[Round "04"]
[TimeControl "180+1"]
[Date "2022.06.08"]
[WhiteClock "0:00:44"]
[BlackClock "0:00:01"]

1. d4 d5 2. c4 e6 3. Nf3 Nf6 4. e3 c5 5. cxd5 exd5 6. Be2 Nc6 7. O-O Bd6 8. dxc5 Bxc5 9. b3 O-O 10. Bb2 Re8 11. Nc3 a6 12. Rc1 Ba7 13. Na4 Bg4 14. Nc5 Qe7 15. Bxf6 Qxf6 16. Nxb7 h5 17. h3 Bf5 18. Qxd5 Be4 19. Qg5 Qb2 20. Nd6 Nb4 21. Bc4 Re7 22. Qxe7 1-0


[Site "https://www.chess.com"]

[Event "Titled Tuesday Blitz June 07 Early 2022"]
[White "Rodrigue-Lemieux, Shawn"]
[Black "Domingo Nunez, Ruben"]
[WhiteFideId "2620049"]
[BlackFideId "22245570"]
[WhiteElo "1763"]
[BlackElo "2376"]
[Result "1/2-1/2"]
[Round "04"]
[TimeControl "180+1"]
[Date "2022.06.07"]
[WhiteClock "0:01:45"]
[BlackClock "0:01:58"]

1. c4 b6 2. e4 Bb7 3. Nc3 g6 4. g3 Bg7 5. Bg2 d6 6. Nge2 Nd7 7. O-O e6 8. d3 Ne7 9. Be3 c5 10. Qd2 a6 11. Bh6 Bxh6 12. Qxh6 Ng8 13. Qd2 Qe7 14. a3 h5 15. h4 Ngf6 16. b4 O-O 17. bxc5 bxc5 18. Rab1 Bc6 19. e5 Nxe5 20. f4 Bxg2 21. fxe5 Bxf1 22. exf6 Qxf6 23. Rxf1 Qe5 24. Ne4 f5 25. Ng5 Rab8 26. Nf3 Rb2 27. Qg5 Qxe2 28. Qxg6+ Kh8 29. Qh6+ Kg8 30. Qg6+ Kh8 31. Qh6+ Kg8 32. Qg6+ 1/2-1/2


[Site "https://www.chess.com"]

[Event "Titled Tuesday Blitz June 07 Early 2022"]
[White "Salinas Herrera, Pablo"]
[Black "Andreikin, Dmitry"]
[WhiteFideId "3407128"]
[BlackFideId "4158814"]
[WhiteElo "2541"]
[BlackElo "2736"]
[Result "0-1"]
[Round "04"]
[TimeControl "180+1"]
[Date "2022.06.07"]
[WhiteClock "0:00:02"]
[BlackClock "0:00:36"]

1. e4 c5 2. Nf3 e6 3. g3 Nc6 4. Bg2 Nf6 5. Qe2 e5 6. O-O d6 7. c3 Bg4 8. Rd1 Be7 9. Na3 Qd7 10. Nc2 O-O 11. d4 cxd4 12. cxd4 Rac8 13. d5 Nb8 14. Bg5 Qa4 15. b3 Qa6 16. Qxa6 Nxa6 17. Ne3 Bd7 18. Nc4 b5 19. Bxf6 gxf6 20. Ne3 Nb4 21. Ne1 Bd8 22. a3 Na6 23. b4 Bb6 24. Rd3 Rc7 25. Rad1 Rfc8 26. h4 Rc1 27. Kf1 Rxd1 28. Nxd1 Rc1 29. Bf3 f5 30. Rc3 Ra1 31. Nc2 Rb1 32. exf5 Bxf5 33. Kg2 Nc7 34. Nde3 Bd7 35. Bg4 Bxg4 36. Nxg4 Rc1 37. Rc6 Kg7 38. h5 f5 39. h6+ Kf7 40. Nh2 Nxd5 41. Rxd6 Rxc2 42. Rxd5 Rxf2+ 43. Kh3 e4 44. g4 e3 45. Re5 Bc7 46. Rxf5+ Rxf5 47. gxf5 Bxh2 0-1


[Site "https://www.chess.com"]

[Event "Titled Tuesday Blitz June 07 Early 2022"]
[White "Sapunov, Evgeny"]
[Black "Suleymanli, Aydin"]
[WhiteFideId "4126661"]
[BlackFideId "13413937"]
[WhiteElo "2470"]
[BlackElo "2481"]
[Result "1-0"]
[Round "04"]
[TimeControl "180+1"]
[Date "2022.06.07"]
[WhiteClock "0:00:28"]
[BlackClock "0:00:03"]

1. c4 e5 2. Nf3 Nc6 3. Nc3 g6 4. d4 exd4 5. Nxd4 Bg7 6. Nxc6 bxc6 7. g3 Ne7 8. Bg2 O-O 9. O-O Rb8 10. Qa4 a6 11. c5 Re8 12. Rd1 d5 13. cxd6 cxd6 14. Qc2 d5 15. e4 Qa5 16. Bf4 Rb7 17. Rac1 Be6 18. b3 Rb4 19. Bd2 Qb6 20. Na4 Rxa4 21. bxa4 d4 22. a5 Qa7 23. Bb4 Rb8 24. Bc5 Qd7 25. Rd2 Rb5 26. Rcd1 Bg4 27. f3 Be6 28. Bf1 Rxa5 29. a4 h5 30. h4 Qc7 31. Kg2 f5 32. Bc4 Bxc4 33. Qxc4+ Kh7 34. Bxd4 fxe4 35. fxe4 Bxd4 36. Rxd4 Qe5 37. Qf7+ Kh6 38. Qf8+ Kh7 39. Rf1 Ng8 40. Rf7+ Kh8 41. Rdd7 Qxe4+ 42. Rf3 Qe2+ 43. Rf2 Qe4+ 44. Kh2 1-0


[Site "https://www.chess.com"]

[Event "Titled Tuesday Blitz June 07 Early 2022"]
[White "Slugin, Sergey"]
[Black "Riehle, Marco"]
[WhiteFideId "4122569"]
[BlackFideId "12904392"]
[WhiteElo "2358"]
[BlackElo "2462"]
[Result "1-0"]
[Round "04"]
[TimeControl "180+1"]
[Date "2022.06.08"]
[WhiteClock "0:01:14"]
[BlackClock "0:00:32"]

1. c4 e6 2. Nf3 d5 3. d4 Nf6 4. g3 dxc4 5. Bg2 Nc6 6. Qa4 Bb4+ 7. Bd2 Nd5 8. Bxb4 Nxb4 9. Na3 a6 10. Ne5 Bd7 11. Nxd7 Qxd7 12. O-O O-O 13. Nxc4 Qxd4 14. Qb3 b5 15. Ne3 Rad8 16. a3 Nd5 17. Rfd1 Qb6 18. Bxd5 exd5 19. Nxd5 Qb7 20. Rac1 Na5 21. Ne7+ Kh8 22. Qxf7 Nc4 23. Rd7 Qe4 24. Nc6 Rg8 25. Rxd8 Rxd8 26. Nxd8 h6 27. Ne6 Qe5 28. Qe8+ Kh7 29. Nf8+ Kg8 30. Qxe5 Nxe5 31. Ne6 Kf7 32. Nxc7 Kf6 33. Nxa6 1-0


[Site "https://www.chess.com"]

[Event "Titled Tuesday Blitz June 07 Early 2022"]
[White "Sokolovsky, Yahli"]
[Black "Sjugirov, Sanan"]
[WhiteFideId "2820242"]
[BlackFideId "4189302"]
[WhiteElo "1770"]
[BlackElo "2602"]
[Result "0-1"]
[Round "04"]
[TimeControl "180+1"]
[Date "2022.06.07"]
[WhiteClock "0:00:01"]
[BlackClock "0:00:13"]

1. b3 g6 2. Bb2 Nf6 3. d4 Bg7 4. Nf3 O-O 5. g3 d5 6. Bg2 c6 7. O-O a5 8. a3 a4 9. b4 Nbd7 10. Nbd2 b5 11. Ne1 Nb6 12. Nd3 Bf5 13. Nc5 Nbd7 14. e4 Nxc5 15. exf5 Nb7 16. fxg6 hxg6 17. Nf3 Nd6 18. Ne5 Rc8 19. Bc1 Nd7 20. f4 Nf6 21. c3 Qe8 22. Bd2 Nfe4 23. Qc2 f6 24. Nd3 Qf7 25. Rae1 Kh7 26. Nc5 f5 27. Nd3 Nc4 28. Bc1 e6 29. Ne5 Bxe5 30. fxe5 Qe7 31. Rf4 Kg7 32. Ref1 Rh8 33. g4 Rh4 34. gxf5 exf5 35. Bxe4 dxe4 36. Qg2 Rxf4 37. Bxf4 Qe6 38. Bg5 Rg8 39. Bf6+ Kf7 40. Qh3 Ke8 41. Qh7 Qf7 42. Qh4 Kd7 43. Qg3 Nb6 44. h4 Nd5 45. Bg5 Qe6 46. Kg2 Rf8 47. Bf4 Rh8 48. Rh1 Rh5 49. Rh2 Nb6 50. Rh1 Qa2+ 51. Qf2 Qxf2+ 52. Kxf2 Nd5 53. Bd2 f4 54. Be1 Ke6 55. Kg2 Kf5 56. Kf1 g5 57. Rg1 g4 58. Ke2 f3+ 59. Kd1 e3 60. Bg3 Nxc3+ 61. Kc2 Ne2 62. e6 Kxe6 0-1


[Site "https://www.chess.com"]